 Dungeon Crawl Stone Soup version 0.25-a0-1007-g10a8c3caa8 (webtiles) character file.

Game seed: 3210549277707817285, levelgen mode: deterministic

105790 wullow the Sage (level 15, -2/117 HPs)
             Began as a Demonspawn Venom Mage on May 7, 2020.
             Was a High Priest of Sif Muna.
             Killed from afar by a deep elf knight (24 damage)
             ... with a shard of ice
             ... on level 2 of the Orcish Mines on May 11, 2020.
             The game lasted 04:13:40 (45737 turns).

wullow the Sage (Demonspawn Venom Mage)            Turns: 45737, Time: 04:13:40

Health: -2/117     AC: 23    Str: 12    XL:     15   Next: 95%
Magic:  0/34       EV: 27    Int: 22    God:    Sif Muna [*****.]
Gold:   1097       SH:  5    Dex: 13    Spells: 1/35 levels left

rFire    + . .     SeeInvis +   g - +3 dagger (freeze)
rCold    . . .     Gourm    .   a - +0 buckler {reflect}
rNeg     + + .     Faith    .   l - +4 moon troll leather armour {Spirit, Regen++ MP+5}
rPois    +         Spirit   +   (helmet unavailable)
rElec    .         Reflect  +   O - scarf {cloud immunity}
rCorr    .         Harm     .   T - +1 pair of gloves "Nanoac" {*Drain rN++ MR+++ Int+2}
MR       +++++                  G - +0 pair of boots {run}
Stlth    ++........             J - amulet of the acrobat
HPRegen  1.09/turn              U - ring of protection from magic
MPRegen  0.24/turn              Z - ring of poison resistance

@: sanguine armour, acrobat, studying Ice Magic, quick
A: antennae 3, demonic guardian 1, fire resistance 1, sanguine armour 3
a: Channel Magic, Forget Spell, Divine Exegesis, Renounce Religion


You were on level 2 of the Orcish Mines.
You worshipped Sif Muna.
Sif Muna was extremely pleased with you.
You were very hungry.

You visited 6 branches of the dungeon, and saw 27 of its levels.
You also visited: Ice Cave.

You collected 2423 gold pieces.
You spent 1326 gold pieces at shops.

Inventory:

Hand Weapons
 g - a +3 dagger of freezing (weapon)
Missiles
 b - 387 arrows
 d - 697 stones (quivered)
 A - 2 throwing nets
Armour
 a - a +0 buckler of reflection (worn)
 l - the +4 moon troll leather armour (worn) {Spirit, Regen++ MP+5}
   (You bought it in a shop on level 9 of the Dungeon)

   It affects your magic capacity (+5).
   It increases your rate of regeneration.
 u - a +2 robe of cold resistance
 G - a +0 pair of boots of running (worn)
 O - a scarf of cloud immunity (worn)
 S - a +1 robe of the Archmagi
 T - the +1 pair of gloves "Nanoac" (worn) {*Drain rN++ MR+++ Int+2}
   (You bought it in a shop on level 2 of the Orcish Mines)

   It affects your intelligence (+2).
   It greatly protects you from negative energy.
   It affects your resistance to hostile enchantments.
   It causes draining when unequipped.
 W - the +0 pair of boots of the Scribe {rElec}
   (You bought it in a shop on level 2 of the Orcish Mines)

   It insulates you from electricity.
Jewellery
 J - an amulet of the acrobat (around neck)
 Q - an uncursed ring of protection from cold
 U - a ring of protection from magic (left hand)
 Z - a ring of poison resistance (right hand)
Wands
 i - a wand of paralysis (16)
 o - a wand of polymorph (9)
 r - a wand of disintegration (12)
 v - a wand of enslavement (9)
 H - a wand of iceblast (22)
 K - a wand of clouds (5)
 M - a wand of digging (5)
 P - a wand of acid (14)
Scrolls
 f - 3 scrolls of magic mapping
 h - 8 scrolls of remove curse
 m - 4 scrolls of fear
 n - a scroll of enchant weapon
 s - 4 scrolls of immolation
 y - 3 scrolls of fog
 D - 2 scrolls of amnesia
 F - 7 scrolls of enchant armour
 N - 8 scrolls of identify
 R - 4 scrolls of teleportation
Potions
 e - 3 potions of heal wounds
 j - 5 potions of stabbing
 p - 3 potions of magic
 q - 9 potions of curing
 x - 3 potions of flight
 z - 2 potions of invisibility
 B - 6 potions of might
 E - 4 potions of haste
 I - 2 potions of cancellation
Books
 V - a manual of Ice Magic
Miscellaneous
 t - 2 boxes of beasts
 L - 2 phantom mirrors
 Y - a lightning rod (4/4)
Comestibles
 c - 27 rations


   Skills:
 + Level 10.8 Fighting
 - Level 2.0 Dodging
 - Level 1.7 Stealth
 - Level 4.0 Shields
 * Level 10.5 Spellcasting
 + Level 8.3 Conjurations
 - Level 5.0 Hexes
 - Level 2.5 Charms
 * Level 4.7 Summonings
 + Level 9.7 Transmutations
 + Level 9.1 Fire Magic
 - Level 5.0 Ice Magic
 * Level 6.7 Air Magic
 - Level 10.0 Poison Magic
 - Level 13.0 Invocations
 + Level 3.6 Evocations


You had one spell level left.
You knew the following spells:

 Your Spells              Type           Power        Failure   Level  Hunger
a - Sting                 Tmut/Pois      ####         1%          1    None
b - Poisonous Vapours     Pois/Air       #####.       1%          2    None
c - Mephitic Cloud        Conj/Pois/Air  #####...     1%          3    None
d - Ignite Poison         Fire/Tmut/Pois ######..     1%          3    None
e - Sticks to Snakes      Tmut           ######..     1%          2    None
f - Fireball              Conj/Fire      #####.....   5%          5    ####...
g - Confusing Touch       Hex            ####....     2%          3    None
h - Spectral Weapon       Hex/Chrm       ####....     4%          3    None
i - Sticky Flame          Conj/Fire      #####...     1%          4    #......
j - Summon Lightning Spi  Summ/Air       #####...     7%          4    #......
k - Airstrike             Air            #####.....   4%          4    #......

Your spell library contained the following spells:

 Spells                   Type           Power        Failure   Level  Hunger
 Beastly Appendage        Tmut           ######       1%          1    None
 Corona                   Hex            ####...      1%          1    None
 Foxfire                  Conj/Fire      ####         1%          1    None
 Shock                    Conj/Air       ####         1%          1    None
 Infusion                 Chrm           ###.         2%          1    None
 Ensorcelled Hibernation  Hex/Ice        ####..       1%          2    None
 Passwall                 Tmut/Erth      ####....     1%          2    None
 Searing Ray              Conj           #####.       1%          2    None
 Swiftness                Chrm/Air       ####....     1%          2    None
 Conjure Flame            Conj/Fire      #####...     1%          3    None
 Dazzling Flash           Conj/Hex       #####.       1%          3    None
 Inner Flame              Hex/Fire       #####...     1%          3    None
 Spider Form              Tmut/Pois      ######....   1%          3    None
 Static Discharge         Conj/Air       #####...     1%          3    None
 Olgreb's Toxic Radiance  Pois           ######..     1%          4    #......
 Tukima's Dance           Hex            ####....     2%          3    None
 Song of Slaying          Chrm           ###.....     3%          2    None
 Ice Form                 Ice/Tmut       #####...     3%          4    #......
 Alistair's Intoxication  Tmut/Pois      ######..     3%          5    ####...
 Blade Hands              Tmut           ######....   3%          5    ####...
 Ozocubu's Armour         Chrm/Ice       ####....     4%          3    None
 Irradiate                Conj/Tmut      ######....   4%          5    ####...
 Shroud of Golubria       Chrm/Tloc      ###...       7%          2    None
 Petrify                  Tmut/Erth      ####....     10%         4    #......
 Lightning Bolt           Conj/Air       #####.....   10%         5    ####...
 Yara's Violent Unravell  Hex/Tmut       #####.....   10%         5    ####...
 Blink                    Tloc           N/A          11%         2    None
 Bolt of Magma            Conj/Fire/Erth #####.....   19%         5    ####...
 Silence                  Hex/Air        #####.....   19%         5    ####...
 Hydra Form               Tmut           ######....   21%         6    ######.
 Gell's Gravitas          Tloc           ##........   22%         3    None
 Lesser Beckoning         Tloc           ##........   22%         3    None
 Iskenderun's Battlesphe  Conj/Chrm      #####...     22%         5    ####...
 Metabolic Englaciation   Hex/Ice        ####......   26%         5    ####...
 Aura of Abjuration       Summ           ####......   28%         5    ####...
 Starburst                Conj/Fire      #####.....   30%         6    ######.
 Freezing Cloud           Conj/Ice/Air   #####.....   58%         6    ######.
 Dragon Form              Tmut           ######....   75%         7    #######
 Invisibility             Hex            ####....     82%         6    ######.
 Statue Form              Tmut/Erth      ####.....    83%         6    ######.
 Ring of Flames           Chrm/Fire      #####.....   99%         7    #######
 Chain Lightning          Conj/Air       #####.....   100%        8    #######
 Ignition                 Fire           ######....   100%        8    #######
 Dragon's Call            Summ           ####......   100%        9    #######


Dungeon Overview and Level Annotations

Branches:
Dungeon (14/15)            Temple (1/1) D:5            Lair (6/6) D:8
 Shoals (0/4) Lair:4       Spider (3/4) Lair:2        Slime (0/5) Lair:6
    Orc (2/2) D:11            Elf (1/3) Orc:2        Vaults (0/5) D:13
  IceCv (visited)

Altars:
Ashenzari
Cheibriados
Dithmenos
Elyvilon
Fedhas
Gozag
Hepliaklqana
Kikubaaqudgha
Makhleb
Nemelex Xobeh
Okawaru
Qazlal
Ru
Sif Muna
Trog
Uskayaw
Vehumet
Wu Jian
Xom
Yredelemnul
Zin
The Shining One
Beogh
Jiyva

Shops:
D:8 [*   D:9 [   D:11 %   Orc:1 (   Orc:2 (*[:

Annotations:
D:14 Rupert


Innate Abilities, Weirdness & Mutations

You have a pair of large antennae on your head. (SInv)
A weak demonic guardian rushes to your aid.
Your flesh is heat resistant. (rF+)
When seriously injured, your bleeding wounds create very thick armour. (AC +12)


Message History

Casting: Sting (safe; 1% risk of failure)
Confirm with . or Enter, or press ? or * to list all spells.
Aiming: Sting (safe; 1% risk of failure)
Press: ? - help, Shift-Dir - straight line, f/p - deep elf knight
Aim: a deep elf knight, wielding a +2 long sword of electrocution (almost dead, fast, slightly transparent, poisoned)
The sting hits the deep elf knight.
The deep elf knight looks even sicker.
The deep elf knight is almost dead.
The deep elf knight hits you with a +2 long sword of electrocution!
Unknown command.
The deep elf knight points at you and mumbles some strange words.
The shard of ice hits you!!
* * * LOW HITPOINT WARNING * * *
The deep elf knight hits you but does no damage.
The deep elf mage gestures wildly while chanting.
Casting: Sting (safe; 1% risk of failure)
Confirm with . or Enter, or press ? or * to list all spells.
Okay, then.
The deep elf knight gestures at you while chanting.
The shard of ice hits you!!
You die...

........[[..[#........##.........
..............)..................
.....#...........................
..............................###
...............................#.
#........##......................
[>......##.#..e..#.............#.
...........e.....#.............#.
........##......@.5..............
.#....######Y#...................
###.####.##........#.............
### #........#..<....#.........
##.##..#####.#.###......<..
###...# ##### #......... ##.##
##..#.#.#. ### #########


You could see a deep elf knight (fast, invisible, poisoned), a deep elf mage, an
ice beast (summoned) and a friendly white imp (summoned, wandering).

Vanquished Creatures
  Arachne (Spider:2)
  Jorgrun (D:13)
  Gastronok (D:8)
  A deep elf sorcerer (Orc:2)
  2 orc warlords
  An emperor scorpion (Spider:1)
  An entropy weaver (Spider:2)
  A deep elf demonologist (Elf:1)
  4 hydras
  2 centaur warriors (D:13)
  4 catoblepae
  3 two-headed ogres
  7 death yaks
  2 tengu warriors
  An orc high priest (Orc:2)
  Nergalle (D:11)
  Urug (Lair:5)
  Sonja (D:10)
  An unseen horror (D:10)
  2 necromancers
  5 orc knights
  4 orb spiders
  2 ugly things
  5 orc sorcerers
  10 wolf spiders
  A manticore (Lair:6)
  8 elephants
  5 deep elf magi (Elf:1)
  3 cyclopes
  The ghost of HoaS the Ruffian, a novice GrBe of Trog (D:5)
  7 spiny frogs
  2 black mambas
  2 torpor snails
  An ice statue (IceCv)
  3 gargoyles
  2 ice devils (D:13)
  2 kobold demonologists (D:11)
  A yaktaur (D:10)
  A rime drake (Lair:1)
  3 demonic crawlers
  5 komodo dragons
  10 freezing wraiths (IceCv)
  A tengu conjurer (D:11)
  7 trolls
  2 polar bears
  13 jumping spiders
  A hornet (D:12)
  2 slime creatures (D:10)
  12 blink frogs
  7 hippogriffs
  30 redbacks
  2 wyverns
  14 tarantellas
  61 yaks
  3 hogs (D:7)
  4 basilisks
  A fire elemental (Elf:1)
  A human (D:7)
  A death yak simulacrum (IceCv)
  A steam dragon (D:9)
  6 water moccasins
  3 wargs
  7 porcupines
  30 orc warriors
  A hornet zombie (D:12)
  2 eyes of draining
  7 ice beasts
  3 sky beasts
  5 black bears
  4 necrophages
  A phantom (D:6)
  13 wolves
  14 ogres
  9 crocodiles
  15 centaurs
  3 big kobolds
  7 bullfrogs
  4 scorpions
  An elephant simulacrum (IceCv)
  14 wights
  6 electric eels
  4 howler monkeys
  7 crimson imps
  5 draconian simulacra (IceCv)
  5 centaur zombies
  A quasit (D:13)
  3 bullfrog zombies
  14 orc priests
  2 centaur skeletons
  5 hounds
  A jelly (D:10)
  12 orc wizards
  Terence (D:2)
  9 worker ants
  4 polar bear simulacra
  5 troll simulacra (IceCv)
  3 wolf simulacra
  2 spriggan simulacra (IceCv)
  3 yak simulacra (Lair:4)
  A centaur simulacrum (IceCv)
  A hound skeleton (D:4)
  3 mummies (D:12)
  A howler monkey zombie (D:6)
  5 worker ant zombies
  Robin (D:2)
  A gnoll (D:1)
  2 ogre simulacra (IceCv)
  13 adders
  2 naga simulacra (IceCv)
  2 shadow imps
  12 white imps (IceCv)
  An ooze (D:3)
  A worm (D:2)
  2 dart slugs
  6 leopard geckos
  65 orcs
  6 giant cockroaches
  18 goblins
  7 hobgoblins
  3 jackals (D:3)
  5 quokkas
  2 ball pythons
  2 ball python skeletons (D:4)
  3 bats
  5 frilled lizards
  14 kobolds
  A quokka skeleton (D:9)
  9 rats
  2 river rat simulacra (Lair:4)
  7 fungi
  5 plants (D:8)
  A spectral weapon (Spider:1)
  4 withered plants (D:12)
738 creatures vanquished.

Vanquished Creatures (collateral kills)
  An entropy weaver (Spider:1)
  A two-headed ogre (D:8)
  A death yak (Lair:6)
  A tengu warrior (D:13)
  A deep elf knight (Elf:1)
  2 orb spiders (Spider:1)
  2 deep elf magi (Elf:1)
  6 wolf spiders
  An orc knight (Orc:2)
  A manticore (Lair:6)
  2 black mambas
  A spiny frog (Lair:5)
  7 demonic crawlers
  A centaur skeleton (D:11)
  A komodo dragon (Lair:3)
  2 jumping spiders (Spider:1)
  A troll (D:10)
  A blink frog (Lair:5)
  9 redbacks
  A water elemental (Orc:2)
  5 yaks
  2 tarantellas (Spider:1)
  3 water moccasins
  A porcupine (D:8)
  2 orc warriors (Orc:1)
  3 ogres
  A wolf (Lair:2)
  A centaur (D:5)
  A crocodile (Lair:6)
  A big kobold (D:9)
  Blork the orc (D:6)
  A howler monkey (D:4)
  An orc priest (Orc:2)
  An orc wizard (Orc:2)
  An iguana (D:11)
  A wolf simulacrum (Lair:4)
  2 centaur simulacra (IceCv)
  A naga simulacrum (IceCv)
  An adder skeleton (D:6)
  An adder zombie (D:8)
  A leopard gecko (D:10)
  5 orcs
  A kobold (D:11)
  A rat (D:3)
82 creatures vanquished.

Vanquished Creatures (others)
  A redback (Spider:1)
  A howler monkey (D:13)
  A worker ant zombie (D:8)
  An orc (Orc:1)
  2 bushes (Lair:6)
  36 fungi
  13 plants
  2 spectral weapons
  A withered plant (D:12)
58 creatures vanquished.

Grand Total: 878 creatures vanquished

Notes
Turn   | Place    | Note
-------+----------+-------------------------------------------
     0 | D:1      | wullow the Demonspawn Venom Mage began the quest for the
                  | Orb.
     0 | D:1      | Reached XP level 1. HP: 13/13 MP: 3/3
    12 | D:1      | Reached skill level 1 in Transmutations
   248 | D:1      | Gained mutation: When seriously injured, your bleeding
                  | wounds create armour. (AC +12) [demonic ancestry]
   248 | D:1      | Reached XP level 2. HP: 19/19 MP: 0/5
   252 | D:1      | Learned a level 2 spell: Poisonous Vapours
   925 | D:1      | Reached skill level 1 in Air Magic
   925 | D:1      | Gained mutation: A weak demonic guardian rushes to your
                  | aid. [demonic ancestry]
   925 | D:1      | Reached XP level 3. HP: 24/24 MP: 0/6
  1048 | D:1      | Learned a level 3 spell: Mephitic Cloud
  1592 | D:2      | Noticed Terence
  1604 | D:2      | Killed Terence
  1604 | D:2      | Gained mutation: You have a pair of small antennae on your
                  | head. [demonic ancestry]
  1604 | D:2      | Reached XP level 4. HP: 28/30 MP: 1/7
  1671 | D:2      | Found a snail-covered altar of Cheibriados.
  1683 | D:2      | Found an opulent altar of Gozag.
  1686 | D:2      | Found a white marble altar of Elyvilon.
  1689 | D:2      | Found a shattered altar of Ashenzari.
  1742 | D:2      | Noticed Robin
  1746 | D:2      | Killed Robin
  1761 | D:2      | Reached skill level 1 in Conjurations
  2348 | D:2      | Found a shimmering blue altar of Sif Muna.
  2351 | D:2      | Became a worshipper of Sif Muna the Loreminder
  2572 | D:2      | Found a faded altar of an unknown god.
  2783 | D:3      | Reached XP level 5. HP: 34/35 MP: 5/8
  3327 | D:3      | Learned a level 3 spell: Ignite Poison
  3355 | D:3      | Reached * piety under Sif Muna
  3610 | D:4      | Reached XP level 6. HP: 36/41 MP: 6/10
  4427 | D:5      | Entered Level 5 of the Dungeon
  4485 | D:5      | Noticed HoaS's ghost (novice GrBe)
  4491 | D:5      | Found a runed translucent gate.
  4491 | D:5      | Found a staircase to the Ecumenical Temple.
  4491 | D:5      | Found a runed translucent gate.
  4536 | Temple   | Entered the Ecumenical Temple
  4855 | D:5      | Found a runed translucent gate.
  4977 | D:5      | Found an ornate altar of the Wu Jian Council.
  4977 | D:5      | Found a bloodstained altar of Trog.
  5037 | D:5      | Found a stormy altar of Qazlal.
  5119 | D:5      | Reached skill level 1 in Fire Magic
  5263 | D:6      | Reached XP level 7. HP: 31/46 MP: 11/11
  5393 | D:6      | Reached skill level 1 in Invocations
  5653 | D:6      | Reached skill level 1 in Fighting
  5817 | D:6      | Reached skill level 2 in Invocations
  5924 | D:6      | Noticed Blork the orc
  5939 | D:6      | Killed Blork the orc
  6236 | D:6      | Reached XP level 8. HP: 32/56 MP: 6/13
  6419 | D:6      | Reached skill level 3 in Invocations
  6571 | D:6      | Found a hazy altar of Hepliaklqana.
  7002 | D:7      | You fall into a shaft and drop 2 floors!
  7005 | D:9      | Reached skill level 5 in Poison Magic
  7012 | D:9      | Reached skill level 4 in Invocations
  7243 | D:8      | Reached ** piety under Sif Muna
  7247 | D:8      | Reached skill level 5 in Invocations
  7473 | D:8      | Reached skill level 5 in Spellcasting
  7473 | D:8      | Reached XP level 9. HP: 65/65 MP: 3/16
  7661 | D:8      | Noticed Gastronok
  7854 | D:7      | Reached skill level 6 in Invocations
  7859 | D:7      | Reached skill level 5 in Fighting
  7962 | D:7      | Found a shadowy altar of Dithmenos.
  8379 | D:8      | Killed Gastronok
  8379 | D:8      | Reached skill level 7 in Invocations
  8379 | D:8      | Gained mutation: When seriously injured, your bleeding
                  | wounds create thick armour. (AC +12) [demonic ancestry]
  8379 | D:8      | Reached XP level 10. HP: 12/75 MP: 9/19
  8686 | D:8      | Found Ziyjosoy's Armour Shop.
  8693 | D:8      | Bought a +0 buckler of reflection for 102 gold pieces
  8867 | D:8      | Identified the +4 quarterstaff of Dismemberment {vamp,
                  | rPois rF+ Str+5}
  9139 | D:8      | Found Vulehef's General Store.
  9145 | D:8      | Reached skill level 1 in Shields
  9269 | D:8      | Found a blossoming altar of Fedhas.
  9287 | D:8      | Found a staircase to the Lair.
  9755 | D:8      | Reached *** piety under Sif Muna
  9759 | D:8      | Reached skill level 8 in Invocations
  9890 | D:8      | Found a burning altar of Makhleb.
 10149 | D:9      | Got a twisted plate armour
 10163 | D:8      | Identified the +1 plate armour "Lanwuish" {rF+ rN+ Int-3
                  | Dex+2} (You found it on level 9 of the Dungeon)
 10472 | D:9      | Found a sacrificial altar of Ru.
 10472 | D:9      | Noticed a two-headed ogre
 10477 | D:9      | Noticed a two-headed ogre
 10482 | D:9      | Killed a two-headed ogre
 10482 | D:9      | Reached skill level 5 in Fire Magic
 10482 | D:9      | Reached skill level 5 in Air Magic
 10512 | D:8      | Killed a two-headed ogre
 10764 | D:9      | Gained mutation: You have a pair of antennae on your head.
                  | [demonic ancestry]
 10764 | D:9      | Reached XP level 11. HP: 83/83 MP: 12/21
 11007 | D:9      | Found Esafolil's Armour Emporium.
 11240 | D:10     | Entered Level 10 of the Dungeon
 11466 | D:10     | Killed an unseen horror
 11835 | D:10     | Noticed a two-headed ogre
 11846 | D:10     | Killed a two-headed ogre
 11847 | D:10     | Noticed an orc knight
 11908 | D:10     | Killed an orc knight
 12160 | D:10     | Noticed Sonja
 12164 | D:10     | Killed Sonja
 12920 | D:10     | Noticed a catoblepas
 13000 | D:9      | Upgraded the game from 0.25-a0-942-g87a53962fc to
                  | 0.25-a0-949-gdd2af9e06e
 13233 | D:10     | Killed a catoblepas
 13233 | D:10     | Reached skill level 9 in Invocations
 13431 | D:10     | Learned a level 2 spell: Sticks to Snakes
 13911 | D:11     | Noticed a tengu warrior
 13981 | Lair:1   | Entered Level 1 of the Lair of Beasts
 15509 | Lair:2   | Reached **** piety under Sif Muna
 15636 | Lair:1   | Gained mutation: Your flesh is heat resistant. (rF+)
                  | [demonic ancestry]
 15636 | Lair:1   | Reached XP level 12. HP: 75/92 MP: 2/24
 15767 | Lair:2   | Found a hole to the Spider Nest.
 16456 | Lair:2   | Reached skill level 5 in Transmutations
 16456 | Lair:2   | Reached skill level 10 in Invocations
 19062 | Lair:4   | Learned a level 5 spell: Fireball
 20332 | Lair:4   | Found a staircase to the Shoals.
 20391 | Lair:4   | Reached ***** piety under Sif Muna
 20460 | Lair:4   | Identified Esafiopu's Collected Works on the Torrid Voyage
                  | (Sif Muna gifted it to you on level 4 of the Lair of
                  | Beasts)
 20460 | Lair:4   | Received a gift from Sif Muna
 21363 | Lair:4   | Reached skill level 10 in Poison Magic
 21958 | Lair:5   | Gained mutation: When seriously injured, your bleeding
                  | wounds create very thick armour. (AC +12) [demonic
                  | ancestry]
 21958 | Lair:5   | Reached XP level 13. HP: 88/101 MP: 12/25
 22817 | Lair:5   | Reached skill level 5 in Conjurations
 22893 | Lair:5   | Reached skill level 11 in Invocations
 23181 | Lair:5   | Identified a scroll of acquirement
 23182 | Lair:5   | Identified a +0 pair of boots of running (You acquired it
                  | on level 5 of the Lair of Beasts)
 23182 | Lair:5   | Identified the amulet of Wishful Thinking {Spirit Int+3}
                  | (You acquired it on level 5 of the Lair of Beasts)
 23210 | Lair:5   | Noticed Urug
 23225 | Lair:5   | Killed Urug
 23762 | Lair:6   | Entered Level 6 of the Lair of Beasts
 24839 | Lair:6   | Received a gift from Sif Muna
 24845 | Lair:6   | Learned a level 3 spell: Confusing Touch
 25246 | Lair:6   | Found a viscous altar of Jiyva.
 25251 | Lair:6   | Found a staircase to the Slime Pits.
 25508 | Lair:6   | Reached skill level 1 in Hexes
 27291 | D:5      | Killed HoaS's ghost
 27543 | D:9      | Bought the +4 moon troll leather armour {Spirit, Regen++
                  | MP+5} for 654 gold pieces
 27543 | D:9      | Found the +4 moon troll leather armour {Spirit, Regen++
                  | MP+5}
 28191 | D:10     | Reached XP level 14. HP: 109/109 MP: 13/27
 28342 | D:11     | Noticed Nergalle
 28352 | D:11     | Killed Nergalle
 28814 | D:11     | Found a staircase to the Orcish Mines.
 29002 | D:11     | Found Cudyoc's Food Boutique.
 30011 | D:12     | Identified Cexo's Compendium of Attacks (Sif Muna gifted it
                  | to you on level 12 of the Dungeon)
 30011 | D:12     | Received a gift from Sif Muna
 30973 | D:13     | Found a frozen archway.
 30992 | IceCv    | Entered an ice cave
 31429 | IceCv    | Reached skill level 12 in Invocations
 31622 | IceCv    | Found an ancient bone altar of Kikubaaqudgha.
 31671 | IceCv    | Upgraded the game from 0.25-a0-949-gdd2af9e06e to
                  | 0.25-a0-975-gcae8493d64
 32614 | D:13     | Reached skill level 10 in Fighting
 32614 | D:13     | Reached skill level 5 in Hexes
 32714 | D:13     | Found a gate to the Vaults.
 33020 | D:13     | Identified Pepogoe's Catalogue of Damaging Changing (Sif
                  | Muna gifted it to you on level 13 of the Dungeon)
 33020 | D:13     | Received a gift from Sif Muna
 33029 | D:13     | Learned a level 6 spell: Freezing Cloud
 33267 | D:13     | Noticed Jorgrun
 33278 | D:13     | Killed Jorgrun
 33278 | D:13     | Reached skill level 1 in Ice Magic
 34094 | D:14     | Noticed Rupert
 34401 | Orc:1    | Entered Level 1 of the Orcish Mines
 34569 | D:11     | Learned a level 4 spell: Sticky Flame
 34574 | D:11     | Learned a level 3 spell: Spectral Weapon
 35373 | Orc:2    | Entered Level 2 of the Orcish Mines
 35392 | Orc:2    | Reached skill level 1 in Charms
 35728 | Orc:2    | Found a staircase to the Elven Halls.
 36538 | Orc:2    | Reached skill level 10 in Spellcasting
 36538 | Orc:2    | Reached skill level 1 in Evocations
 36924 | Orc:2    | Found a roughly hewn altar of Beogh.
 36924 | Orc:2    | Noticed an orc warlord
 36931 | Orc:2    | Killed an orc warlord
 36931 | Orc:2    | Identified Sif Muna's Almanac of Creative Poisoning (Sif
                  | Muna gifted it to you on level 2 of the Orcish Mines)
 36931 | Orc:2    | Received a gift from Sif Muna
 36931 | Orc:2    | Gained mutation: You have a pair of large antennae on your
                  | head. (SInv) [demonic ancestry]
 36931 | Orc:2    | Reached XP level 15. HP: 115/115 MP: 17/29
 36955 | Orc:2    | Found Sasowkeb's Antique Weapon Shoppe.
 36967 | Orc:2    | Found Nothrum's General Store.
 37416 | Orc:2    | Found Vimp's Book Shoppe.
 37431 | Orc:2    | Found Rikoti's Antique Armour Shoppe.
 37438 | Orc:2    | Bought a pair of faintly humming gloves for 285 gold pieces
 37438 | Orc:2    | Bought a pair of scorched boots for 285 gold pieces
 37448 | Orc:2    | Identified the +1 pair of gloves "Nanoac" {*Drain rN++
                  | MR+++ Int+2} (You bought it in a shop on level 2 of the
                  | Orcish Mines)
 37458 | Orc:2    | Identified the cursed +0 pair of boots of the Scribe
                  | {rElec} (You bought it in a shop on level 2 of the Orcish
                  | Mines)
 37868 | Orc:1    | Noticed an orc warlord
 37970 | Orc:1    | Killed an orc warlord
 38138 | Orc:1    | Found Cump's Antique Weapon Emporium.
 38222 | Orc:2    | Learned a level 4 spell: Summon Lightning Spire
 38368 | Spider:1 | Entered Level 1 of the Spider Nest
 38910 | Spider:1 | Reached skill level 1 in Summonings
 39388 | Spider:1 | Identified Sif Muna's Collected Works on Mutagenic
                  | Malediction (Sif Muna gifted it to you on level 1 of the
                  | Spider Nest)
 39388 | Spider:1 | Received a gift from Sif Muna
 41182 | Spider:1 | Upgraded the game from 0.25-a0-975-gcae8493d64 to
                  | 0.25-a0-1007-g10a8c3caa8
 43005 | Spider:2 | Reached skill level 13 in Invocations
 43719 | Spider:2 | Received a gift from Sif Muna
 43728 | Spider:2 | Learned a level 4 spell: Airstrike
 44478 | Spider:3 | Noticed Arachne
 44560 | Spider:2 | Killed Arachne
 44913 | Elf:1    | Entered Level 1 of the Elven Halls
 45222 | Elf:1    | Reached skill level 5 in Ice Magic
 45482 | Elf:1    | Noticed a deep elf sorcerer
 45485 | Elf:1    | Noticed a Hell Sentinel
 45490 | Elf:1    | Noticed an Executioner
 45652 | Orc:2    | Killed a deep elf sorcerer
 45737 | Orc:2    | Killed from afar by a deep elf knight

Illustrated notes

Levels and vault maps discovered:
D:1:      denvon_arrival_hothouse, layout_basic
D:2:      layout_basic, grunt_temple_overflow_cloverleaf, first_ration,
          chequers_ecumenical_altar_grove, lemuel_blue_sif_altar, uniq_terence,
          uniq_robin
D:3:      layout_rooms
D:4:      layout_loops_ring, dk_noncrumbling_3
D:5:      layout_rooms, nicolae_overflow_hidden_temple,
          minmay_temple_entry_statues_fountains, gammafunk_ghost_split,
          kennysheep_generic_room_13
D:6:      layout_gridville, lemuel_coloured_pillars_altar, uniq_blork_the_orc
D:7:      layout_basic, nicolae_dithmenos_shadow_blocks, grunt_livestock
D:8:      layout_rooms, old_standard_altar, due_lair_maze_entry_diamond,
          serial_shops, shop_statue, nicolae_shop_competitors_out_of_business,
          fedhas_altar_1, uniq_gastronok
D:9:      layout_long_grid, nicolae_overflow_crystal_walls, serial_shops,
          nicolae_shop_stone
D:10:     minmay_chambers_of_sevens, layout_long_grid, uniq_sonja
D:11:     layout_cave_pools, orc_0_dummy, serial_shops, shop,
          minmay_misc_feat_pillars, grunt_ministairs_10, uniq_nergalle
D:12:     layout_loops_cross, serial_undead, serial_undead_b, serial_undead_c,
          serial_undead_f, serial_undead_b, serial_undead_c, serial_undead_d
D:13:     layout_cave_pools, erik_vaults_1, portal_ice_cave_demonic_guard,
          minmay_misc_feat_four_crosses, uniq_jorgrun
D:14:     layout_irregular_city, gauntlet_entry_generic, uniq_rupert
Temple:   bh_familiar_temple
Lair:1:   layout_loops_ring, chequers_serial_rivers_room_b,
          chequers_serial_rivers_marsh, grunt_megastairs_4
Lair:2:   layout_layer_cave, spider_nest_entry_webs, serial_bayou_shore_b
Lair:3:   layout_roguey, infiniplex_staircase_pool_2, serial_bayou_shore_b
Lair:4:   layout_small_grid, elwin_shoals_entry_rooms, eino_house_with_fridge
Lair:5:   layout_layer_cave, uniq_urug
Lair:6:   evilmike_catoblepas_cave, layout_loops_ring, slime_altar_1,
          fungi_pond_lemuel
Spider:1: layout_spider_delve
Spider:2: layout_spider_delve, nicolae_spider_circle_web
Spider:3: layout_spider_delve, drop_trap, uniq_arachne
Orc:1:    cheibrodos_orc_arena, layout_diamond_mine, serial_shops,
          nicolae_shop_behind_doors
Orc:2:    grunt_orc_cross, layout_caves
Elf:1:    minmay_elf_arrival_summoners, layout_loops_cross,
          minmay_elf_demonology

Skill      XL: |  1  2  3  4  5  6  7  8  9 10 11 12 13 14 15 |
---------------+----------------------------------------------+-----
Transmutations | 1 2 3 4 6 8 9 |  9.7
Air Magic      | 1 2 3 4 5 6 |  6.7
Conjurations   | 1 2 3 4 6 7 8 |  8.3
Spellcasting   | 3 5 6 8 9 10 | 10.5
Poison Magic   | 4 5 7 9 10 | 10.0
Fire Magic     | 1 3 4 5 6 7 9 |  9.1
Invocations    | 2 5 7 8 9 10 11 12 13 | 13.0
Fighting       | 2 4 5 6 8 9 10 | 10.8
Shields        | 4 |  4.0
Hexes          | 3 5 |  5.0
Ice Magic      | 3 5 |  5.0
Dodging        | 2 |  2.0
Charms         | 2 |  2.5
Evocations     | 1 3 |  3.6
Summonings     | 4 |  4.7
Stealth        | |  1.7

Action                   |  1- 3 |  4- 6 |  7- 9 | 10-12 | 13-15 || total
-------------------------+-------+-------+-------+-------+-------++-------
Melee: Dagger            |     8 |   177 |   162 |   277 |   969 ||  1593
       Unarmed           |     1 |       |       |       |       ||     1
       Staff             |       |       |       |       |     5 ||     5
Throw: Stone             |       |       |       |       |     4 ||     4
 Cast: Sting             |    54 |    39 |    34 |   188 |   580 ||   895
       Poisonous Vapours |     3 |    21 |    40 |   193 |   354 ||   611
       Mephitic Cloud    |       |       |    14 |    86 |   194 ||   294
       Ignite Poison     |       |       |    13 |    71 |   152 ||   236
       Sticks to Snakes  |       |       |       |    11 |    93 ||   104
       Confusing Touch   |       |       |       |       |    49 ||    49
       Fireball          |       |       |       |       |     8 ||     8
       Summon Lightning  |       |       |       |       |    25 ||    25
       Sticky Flame      |       |       |       |       |    10 ||    10
       Spectral Weapon   |       |       |       |       |     5 ||     5
       Airstrike         |       |       |       |       |     4 ||     4
Invok: Channel Magic     |       |       |       |       |     1 ||     1
  Use: Scroll            |       |       |    12 |    15 |    10 ||    37
       Potion            |       |       |       |     3 |     4 ||     7
 Stab: Sleeping          |     1 |     2 |       |       |       ||     3
       Distracted        |       |       |     1 |     5 |    11 ||    17
       Confused          |       |       |       |     4 |    20 ||    24
  Eat: Chunk             |     3 |    13 |     9 |    32 |    37 ||    94
       Ration            |       |       |     1 |     3 |    11 ||    15
Armor: Robe              |     5 |    49 |    73 |   127 |    43 ||   297
       Troll leather arm |       |       |       |       |   663 ||   663
Dodge: Dodged            |    23 |   118 |   118 |   250 |   962 ||  1471
Block: Buckler           |       |       |       |    91 |   408 ||   499
       Reflection        |       |       |       |     2 |    20 ||    22

Table legend:
 A = Non-vault XP
 B = Vault XP
 C = Vault XP percentage of total XP
 D = Non-vault monster count
 E = Vault monster count
 F = Vault count percentage of total count
                 A         B        C        D         E       F
            +---------+---------+-------+---------+---------+-------
      Total |  100640 |   50489 |  33.4 |     583 |     223 |  27.7
            +---------+---------+-------+---------+---------+-------
        D:1 |      50 |       0 |   0.0 |      22 |       0 |   0.0
        D:2 |      28 |      66 |  70.2 |       9 |      12 |  57.1
        D:3 |      95 |       0 |   0.0 |      26 |       0 |   0.0
        D:4 |     412 |       0 |   0.0 |      20 |       0 |   0.0
        D:5 |      33 |     689 |  95.4 |       5 |       5 |  50.0
        D:6 |     988 |      81 |   7.6 |      20 |       1 |   4.8
        D:7 |     247 |     936 |  79.1 |       9 |       5 |  35.7
        D:8 |    3344 |    3624 |  52.0 |      27 |      12 |  30.8
        D:9 |    2268 |       0 |   0.0 |      16 |       0 |   0.0
       D:10 |    3048 |    4622 |  60.3 |      17 |      16 |  48.5
       D:11 |    5803 |    1273 |  18.0 |      38 |       4 |   9.5
       D:12 |    5347 |     846 |  13.7 |      30 |       8 |  21.1
       D:13 |    8069 |    3703 |  31.5 |      31 |       3 |   8.8
       D:14 |     317 |       0 |   0.0 |       1 |       0 |   0.0
     Lair:1 |    1324 |     467 |  26.1 |       6 |       2 |  25.0
     Lair:2 |    5152 |     436 |   7.8 |      27 |       2 |   6.9
     Lair:3 |    2255 |       0 |   0.0 |      13 |       0 |   0.0
     Lair:4 |    5054 |     903 |  15.2 |      23 |      12 |  34.3
     Lair:5 |   10400 |     781 |   7.0 |      35 |       1 |   2.8
     Lair:6 |    6359 |    9696 |  60.4 |      22 |      23 |  51.1
   Spider:1 |   18478 |       0 |   0.0 |      74 |       0 |   0.0
   Spider:2 |   11851 |    2496 |  17.4 |      35 |       1 |   2.8
      Orc:1 |    2384 |    2453 |  50.7 |      39 |      18 |  31.6
      Orc:2 |    3839 |    7942 |  67.4 |      33 |      38 |  53.5
      Elf:1 |    3495 |    3191 |  47.7 |       5 |       6 |  54.5
      IceCv |       0 |    6284 | 100.0 |       0 |      54 | 100.0
            +---------+---------+-------+---------+---------+-------
